 Dungeon Crawl Stone Soup version 0.29.1-12-g30fa7ad0bf (webtiles) character file.

Game seed: 13295747934103700236

15 hawla the Firebug (level 2, -16/20 HPs)
             Began as a Meteoran Fire Elementalist on Jan 13, 2023.
             Demolished by an ogre
             ... wielding a +0 giant spiked club
              (36 damage)
             ... on level 3 of the Dungeon.
             The game lasted 00:01:28 (207 turns).

hawla the Firebug (Meteoran Fire Elementalist)       Turns: 207, Time: 00:01:28

Health: -16/20     AC:  4    Str:  9    XL:     2   Next: 88%
Magic:  0/7        EV: 12    Int: 16    God:
Gold:   38         SH:  0    Dex: 14    Spells: 4/7 levels left

rFire   . . .      SeeInvis .   (no weapon)
rCold   . . .      Faith    .   (no shield)
rNeg    . . .      Spirit   .   a - +0 robe
rPois   .          Reflect  .   (no helmet)
rElec   .          Harm     .   d - +1 cloak
rCorr   .          Rampage  .   (no gloves)
Will    .....                   (no boots)
Stlth   +.........              (no amulet)
HPRegen 0.06/turn               (no ring)
MPRegen 0.10/turn               (no ring)

@: glowing
A: sense surroundings 1, otherworldly, glowing, explore regen
a: no special abilities


You were on level 3 of the Dungeon.
You visited 1 branch of the dungeon, and saw 3 of its levels.

You collected 38 gold pieces.

Inventory:

Armour
 a - a +0 robe (worn)
 d - a +1 cloak (worn)
Jewellery
 g - an amulet of regeneration
Wands
 i - a wand of paralysis (9)
Scrolls
 e - a scroll of silence
 h - a scroll of fog
Potions
 b - a potion of magic
 f - a potion of lignification


   Skills:
 + Level 2.5 Dodging
 - Level 1.4 Stealth
 + Level 3.2 Spellcasting
 + Level 1.3 Conjurations
 + Level 4.1 Fire Magic


You had 4 spell levels left.
You knew the following spells:

 Your Spells              Type           Power      Damage    Failure   Level
a - Foxfire               Conj/Fire      44%        2x1d6     6%          1
b - Scorch                Fire           30%        2d7       4%          2

Your spell library contained the following spells:

 Spells                   Type           Power      Damage    Failure   Level
 Conjure Flame            Conj/Fire      11%        6-21      19%         3
 Inner Flame              Hex/Fire       9%         N/A       24%         3
 Flame Wave               Conj/Fire      11%        2d6       52%         4


Dungeon Overview and Level Annotations

Branches:
Dungeon (3/15) Zot: 1592

Altars:

Shops:
D:3 (


Innate Abilities, Weirdness & Mutations

You passively map a small area around you.
You are easily found by Zot.
You glow in the dark.
You regain HP and MP as you explore.


Message History

You feel sick.
You are no longer poisoned.
Your magical contamination has completely faded away.
Found a stone staircase leading up.
Found a stone staircase leading down.
Found an escape hatch in the floor.
You now have 38 gold pieces (gained 16).
Found a pair of gloves.
There is a stone staircase leading down here.
Found Seibei's Antique Weapon Boutique.
There is a stone staircase leading up here.
An ogre comes into view. It is wielding a +0 giant spiked club.
Found a pair of boots.
The ogre shouts!
There is a stone staircase leading up here.
Casting: Scorch (safe; 4% risk of failure)
Confirm with . or Enter, or press ? or * to list all spells.
You conjure some foxfire!
A worm comes into view.
Casting: Foxfire (safe; 6% risk of failure)
Confirm with . or Enter, or press ? or * to list all spells.
You conjure some foxfire!
The foxfire hits the ogre.
The ogre is lightly wounded.
The foxfire hits the ogre.
The ogre is lightly wounded.
Casting: Foxfire (safe; 6% risk of failure)
Confirm with . or Enter, or press ? or * to list all spells.
Flames lash the ogre.
The ogre is moderately wounded.
The ogre's fire resistance burns away.
The foxfire hits the ogre.
The ogre is burned terribly!
The ogre is heavily wounded.
The foxfire hits the ogre.
The ogre is burned terribly!
The ogre is severely wounded.
Casting: Scorch (safe; 4% risk of failure)
Confirm with . or Enter, or press ? or * to list all spells.
You conjure some foxfire!
The ogre hits you with a +0 giant spiked club!!!
Ouch! That really hurt!
You die...

, ...#[ *
,.... ,
###...# ,,
#...w.*# * *
,, #.[.. . ,
#...#>#*
#...#.##.#
#.O.....∩., *
#v@.#.##.# *
#v..#.##.#.
#>........
####.#.#..###
,,
#.........###*
#....#..<...#
#...##.##.#.#
*
##..##.##.#..,
#..##.##.# *
,* *


You could see an ogre (combustible, ally target) and a worm.

Vanquished Creatures
  An adder (D:3)
  An orc (D:2)
  An endoplasm (D:2)
  2 ball pythons (D:2)
  A kobold (D:1)
6 creatures vanquished.

Vanquished Creatures (others)
  12 foxfires
12 creatures vanquished.

Grand Total: 18 creatures vanquished

Notes
Turn   | Place    | Note
-------+----------+-------------------------------------------
     0 | D:1      | hawla the Meteoran Fire Elementalist began the quest for
                  | the Orb.
     0 | D:1      | Reached XP level 1. HP: 14/14 MP: 5/5
   129 | D:2      | Reached skill level 4 in Fire Magic
   129 | D:2      | Reached XP level 2. HP: 15/20 MP: 1/6
   167 | D:3      | Learned a level 2 spell: Scorch
   199 | D:3      | Found Seibei's Antique Weapon Boutique.
   200 | D:3      | Noticed an ogre
   207 | D:3      | Demolished by an ogre

Illustrated notes

Levels and vault maps discovered:
D:1:      mrwooster_arrival_statue, layout_loops_ring,
          chequers_serial_rivers_large_b, minmay_misc_feat_tiny,
          bh_walls_and_bars
D:2:      layout_rooms, serial_bayou_lake_a
D:3:      layout_loops_ring, nicolae_uskayaw_en_pointe,
          gammafunk_temple_overflow_elements, serial_shops, nicolae_square_shop,
          nicolae_shop_hallway_plus, shop, shop_statue,
          minmay_fractal_squares_gapless_5

Skill      XL: |  1  2 |
---------------+-------+-----
Fire Magic     | 4 |  4.1
Spellcasting   | 3 |  3.2
Dodging        | |  2.5
Stealth        | |  1.4
Conjurations   | |  1.3

Action                   || total
-------------------------++-------
Melee: Unarmed           ||     1
 Cast: Foxfire           ||     8
       Scorch            ||     3
  Use: Scroll            ||     3
Armor: Robe              ||     2
Dodge: Dodged            ||     1
